 Dungeon Crawl Stone Soup version 0.28-a0-1236-gb25a51b929 (webtiles) character file.

Game seed: 17195589746477940418

19436 porpoise the Thaumaturge (level 12, -23/72 HPs)
             Began as a Deep Elf Conjurer on Dec 26, 2021.
             Was a Priest of Vehumet.
             Killed from afar by a red draconian (32 damage)
             ... with a searing blast
             ... in a volcano.
             The game lasted 00:47:51 (14800 turns).

porpoise the Thaumaturge (Deep Elf Conjurer)       Turns: 14800, Time: 00:47:51

Health: -23/72     AC:  8    Str:  6    XL:     12   Next: 36%
Magic:  39/39      EV: 17    Int: 27    God:    Vehumet [***...]
Gold:   255        SH:  5    Dex: 23    Spells: 15/35 levels left

rFire   . . .      SeeInvis .   b - +10 hunting sling of Guilt {vorpal, rC- Dex+10 Stlth+}
rCold   . . .      Faith    .   (no shield)
rNeg    . . .      Spirit   .   K - +0 steam dragon scales
rPois   .          Reflect  +   Y - +1 hat
rElec   .          Harm     .   E - +1 cloak
rCorr   .          Rampage  .   (no gloves)
Will    +....                   (no boots)
Stlth   +++++.....              C - amulet of reflection
HPRegen 0.22/turn               I - ring of protection from cold
MPRegen 0.26/turn               X - ring of magical power

@: no status effects
A: no striking features
a: Renounce Religion


You were in a volcano.
You worshipped Vehumet.
Vehumet was most pleased with you.
You visited 3 branches of the dungeon, and saw 14 of its levels.
You also visited: Volcano.

You collected 679 gold pieces.
You spent 424 gold pieces at shops.

Inventory:

Hand Weapons
 a - a +3 whip of electrocution
 b - the +10 hunting sling of Guilt (weapon) {vorpal, rC- Dex+10 Stlth+}
   (You took it off a goblin on level 4 of the Dungeon)

   Any ammunition fired from it inflicts extra damage upon your enemies.
   Dex:       It affects your dexterity (+10).
   rC:        It makes you vulnerable to cold.
   Stlth:     It makes you more stealthy.
 q - a +0 dagger
Missiles
 e - 255 stones
 h - 5 atropa-tipped darts
 k - 34 poisoned darts
 z - 54 sling bullets (quivered ammo)
 F - a throwing net
 P - 3 silver boomerangs
 U - a curare-tipped dart
Armour
 E - a +1 cloak (worn)
 K - +0 steam dragon scales (worn)
 Y - a +1 hat (worn)
Jewellery
 p - a ring of wizardry
 C - an amulet of reflection (around neck)
 I - a ring of protection from cold (left hand)
 V - a ring of flight
 X - a ring of magical power (right hand)
Wands
 l - a wand of mindburst (9)
 t - a wand of digging (5)
 v - a wand of polymorph (7)
 G - a wand of flame (11)
 J - a wand of paralysis (5)
 M - a wand of acid (5)
 W - a wand of iceblast (5)
Scrolls
 c - a scroll of fear
 f - 5 scrolls of teleportation
 s - a scroll of fog
 O - a scroll of blinking
Potions
 d - a potion of flight
 g - a potion of haste
 i - 3 potions of ambrosia
 j - 3 potions of heal wounds
 m - a potion of invisibility
 n - 7 potions of curing
 o - a potion of cancellation
 r - 2 potions of brilliance
 x - 5 potions of lignification
 B - 2 potions of attraction
 H - a potion of resistance
 L - a potion of magic
Miscellaneous
 S - a box of beasts


   Skills:
 - Level 7.0 Fighting
 - Level 4.0 Slings
 - Level 7.0 Dodging
 + Level 7.9 Stealth
 - Level 12.0 Spellcasting
 - Level 9.0 Conjurations
 - Level 9.0 Hexes
 - Level 5.0 Translocations
 * Level 3.7 Transmutations
 - Level 5.0 Earth Magic
 * Level 4.2 Poison Magic
 - Level 5.0 Evocations


You had 15 spell levels left.
You knew the following spells:

 Your Spells              Type           Power      Damage    Failure   Level
b - Searing Ray           Conj           100%       2d8       1%          2
c - Fulminant Prism       Conj/Hex       29%        3d14      1%          4
d - Iskenderun's Mystic   Conj/Tloc      52%        2d11      1%          4
i - Ignite Poison         Fire/Tmut/Pois 30%        N/A       1%          3
s - Stone Arrow           Conj/Erth      100%       3d13      1%          3
x - Olgreb's Toxic Radia  Pois           39%        N/A       1%          4

Your spell library contained the following spells:

 Spells                   Type           Power      Damage    Failure   Level
 Scorch                   Fire           32%        2d7       1%          2
 Magic Dart               Conj           100%       1d8       1%          1
 Sting                    Tmut/Pois      100%       1d8       1%          1
 Poisonous Vapours        Pois/Air       54%        N/A       1%          2
 Conjure Flame            Conj/Fire      40%        6-21      1%          3
 Dazzling Flash           Conj/Hex       100%       N/A       1%          3
 Gell's Gravitas          Tloc           43%        N/A       1%          3
 Inner Flame              Hex/Fire       40%        N/A       1%          3
 Lesser Beckoning         Tloc           43%        N/A       1%          3
 Teleport Other           Tloc           43%        N/A       1%          3
 Cause Fear               Hex            29%        N/A       1%          4
 Sticky Flame             Conj/Fire      40%        2d6       1%          4
 Animate Skeleton         Necr           32%        N/A       3%          1
 Pain                     Necr           64%        1d7       3%          1
 Ozocubu's Armour         Ice            16%        N/A       11%         3
 Vampiric Draining        Necr           16%        2d7       11%         3
 Animate Armour           Summ/Erth      58%        N/A       12%         4
 Metabolic Englaciation   Hex/Ice        20%        N/A       16%         5
 Summon Mana Viper        Hex/Summ       40%        N/A       16%         5
 Summon Ice Beast         Ice/Summ       16%        N/A       34%         4
 Lehudib's Crystal Spear  Conj/Erth      26%        10d7      95%         8
 Simulacrum               Ice/Necr       8%         N/A       99%         6
 Discord                  Hex            29%        N/A       99%         8
 Monstrous Menagerie      Summ           8%         N/A       100%        7


Dungeon Overview and Level Annotations

Branches:
Dungeon (10/15)            Temple (1/1) D:7            Lair (3/6) D:10
    Orc (0/2) D:10        Volcano (1/1)
  Swamp: Lair:2-4    Shoals: Lair:2-4     Snake: Lair:2-4    Spider: Lair:2-4

Altars:
Ashenzari
Cheibriados
Dithmenos
Fedhas
Gozag
Hepliaklqana
Nemelex Xobeh
Sif Muna
Trog
Uskayaw
Vehumet
Xom
Yredelemnul
The Shining One

Shops:
D:7 !!(=   D:10 !


Message History

You kill the komodo dragon!
Vehumet accepts your kill.
You feel your power returning.
You start resting.
Magic restored.
A polar bear comes into view.
What are your orders? t - Shout!
Orders for allies: a - Attack new target. r - Retreat! s - Stop attacking. g - Guard the area. f - Follow me.
Anything else - Cancel.
Okay, then.
You hear the slow rumble of an avalanche of rocks very nearby.
z - 54 sling bullets (gained 1)
Found a dark tunnel.
There is a dark tunnel here.
The world spins around you as you enter the gateway.
You enter a volcano!
Found a rocky tunnel leading out of this place.
There is a rock-blocked tunnel here.
Found a grey potion.
Found a great mace of flaming.
Found a cloak of fire resistance and 46 gold pieces.
A red draconian comes into view.
It is wielding a +2 scimitar of flaming.
Found a potion of haste.
The red draconian roars!
The red draconian breathes fire at you. The searing blast hits you!!
A salamander comes into view. It is wielding a +0 halberd.
Found a chain mail of fire resistance.
Found a rocky tunnel leading out of this place.
The red draconian breathes fire at you. The searing blast hits you!!
* * * LOW HITPOINT WARNING * * *
A salamander comes into view.
Found a bubbling coppery potion.
The red draconian breathes fire at you. The searing blast hits you!!
You die...

##≈§##.##....##.. ###
##§..§.....§
##.#.§§.≈≈≈≈§
#...§.≈§≈≈§≈§≈§
#....§≈≈≈≈§≈≈§≈
##..§§§≈≈≈≈§≈≈≈
#....≈≈≈≈≈§§≈≈§
##.....≈≈§§§§§§
#@..N....§≈§≈≈§
§N.....##......○.§§§.
.....## ###.d...#..##
#### ###.### #...N..#
#..[![.. ##.d$$)!.
#≈.≈$..≈≈# ##≈≈≈.§≈##


You could see a red draconian (catching breath) and 2 salamanders.

Vanquished Creatures
  Gastronok (Lair:1)
  A hydra (Lair:2)
  3 two-headed ogres
  Nergalle (Lair:1)
  Pikel (D:7)
  A deep elf zephyrmancer (D:9)
  Maurice (D:8)
  Joseph (D:8)
  2 black mambas (Lair:1)
  2 cane toads
  Maggie (D:7)
  Psyche (D:10)
  3 komodo dragons
  3 trolls (D:10)
  A hornet (D:7)
  Prince Ribbit (D:7)
  5 blink frogs (Lair:3)
  A meliai zombie (D:10)
  3 wyverns
  2 wraiths (D:10)
  23 yaks
  A vampire mosquito (D:9)
  Menkaure (D:7)
  Duvessa (D:7)
  5 water moccasins
  5 orc warriors
  A hornet zombie (D:7)
  An ice beast (D:7)
  A black bear (D:4)
  4 ogres
  5 wolves (Lair:1)
  A centaur (D:9)
  2 necrophages
  A lemure (D:7)
  3 phantoms
  A kobold brigand (D:10)
  7 bullfrogs
  5 scorpions
  2 water moccasin skeletons (D:5)
  A water moccasin zombie (D:5)
  A wyvern skeleton (D:7)
  Dowan (D:7)
  3 killer bees (D:10)
  10 wights
  7 howler monkeys
  2 hounds (D:5)
  2 bullfrog zombies
  6 orc priests
  Crazy Yiuf (D:6)
  A gnoll shaman (D:6)
  5 orc wizards
  A scorpion zombie (D:5)
  A killer bee zombie (D:7)
  3 hound skeletons
  2 howler monkey zombies (D:9)
  4 gnolls (D:6)
  A shadow imp (D:7)
  An ufetubus (D:6)
  An adder skeleton (D:4)
  2 dart slugs
  32 orcs
  6 ball pythons
  4 endoplasms
  A giant cockroach (D:2)
  8 goblins
  2 hobgoblins (D:2)
  9 kobolds
  3 quokkas
  5 bats
  4 frilled lizards
  3 rats (D:3)
238 creatures vanquished.

Vanquished Creatures (others)
  36 fulminant prisms
  7 fungi
  21 plants
64 creatures vanquished.

Grand Total: 302 creatures vanquished

Notes
Turn   | Place    | Note
-------+----------+-------------------------------------------
     0 | D:1      | porpoise the Deep Elf Conjurer began the quest for the Orb.
     0 | D:1      | Reached XP level 1. HP: 10/10 MP: 6/6
   224 | D:1      | Found a faded altar of an unknown god.
   394 | D:1      | Reached XP level 2. HP: 15/15 MP: 5/8
   423 | D:1      | Learned a level 2 spell: Searing Ray
  1153 | D:2      | Found a glowing golden altar of the Shining One.
  1173 | D:2      | Reached skill level 4 in Spellcasting
  1257 | D:2      | Reached skill level 5 in Conjurations
  1257 | D:2      | Reached XP level 3. HP: 19/19 MP: 6/10
  2025 | D:2      | Learned a level 3 spell: Stone Arrow
  2380 | D:3      | Noticed a necrophage
  2386 | D:3      | Killed a necrophage
  2387 | D:3      | Reached skill level 5 in Spellcasting
  2387 | D:3      | Reached XP level 4. HP: 24/24 MP: 5/13
  2392 | D:3      | Learned a level 4 spell: Fulminant Prism
  2583 | D:3      | Reached XP level 5. HP: 28/28 MP: 8/14
  3130 | D:3      | Reached skill level 1 in Hexes
  3269 | D:3      | Found a glowing golden altar of the Shining One.
  3271 | D:3      | Found a shimmering blue altar of Sif Muna.
  3466 | D:4      | Found a basalt altar of Yredelemnul.
  3573 | D:4      | Noticed an ogre
  3579 | D:4      | Killed an ogre
  3580 | D:4      | Reached skill level 6 in Spellcasting
  3587 | D:4      | Reached XP level 6. HP: 32/32 MP: 4/17
  3675 | D:4      | Learned a level 4 spell: Iskenderun's Mystic Blast
  4177 | D:4      | Reached skill level 7 in Spellcasting
  4177 | D:4      | Reached skill level 5 in Hexes
  4177 | D:4      | Reached XP level 7. HP: 6/36 MP: 10/19
  4391 | D:4      | Identified the +10 hunting sling of Guilt {vorpal, rC-
                  | Dex+10 Stlth+}
  5189 | D:5      | Entered Level 5 of the Dungeon
  5254 | D:5      | Reached skill level 1 in Earth Magic
  5689 | D:5      | Reached skill level 5 in Stealth
  5689 | D:5      | Reached skill level 1 in Translocations
  5689 | D:5      | Reached XP level 8. HP: 41/41 MP: 14/20
  6623 | D:6      | Learned a level 4 spell: Olgreb's Toxic Radiance
  6785 | D:6      | Found a runed translucent door.
  6786 | D:6      | Noticed Crazy Yiuf
  6791 | D:6      | Killed Crazy Yiuf
  7053 | D:6      | Found a blossoming altar of Fedhas.
  7180 | D:6      | Reached skill level 5 in Earth Magic
  7253 | D:7      | Noticed a hornet
  7255 | D:7      | Killed a hornet
  7424 | D:7      | Noticed Duvessa
  7428 | D:7      | Killed Duvessa
  7429 | D:7      | Reached skill level 5 in Translocations
  7429 | D:7      | Reached XP level 9. HP: 45/45 MP: 14/21
  7503 | D:7      | Found Hilijuj's Antique Weapon Shoppe.
  7507 | D:7      | Noticed Pikel
  7508 | D:7      | Noticed Dowan
  7511 | D:7      | Killed Dowan
  7515 | D:7      | Killed Pikel
  7516 | D:7      | Reached skill level 8 in Spellcasting
  7520 | D:7      | Noticed Prince Ribbit
  7699 | D:7      | Reached skill level 9 in Spellcasting
  7716 | D:7      | Reached skill level 1 in Fighting
  7716 | D:7      | Reached skill level 1 in Evocations
  7760 | D:7      | Found Ewiwuog's Distillery.
  7769 | D:7      | Killed Prince Ribbit
  7812 | D:7      | Bought a potion of curing for 39 gold pieces
  7812 | D:7      | Bought a potion of curing for 39 gold pieces
  7812 | D:7      | Bought a potion of resistance for 130 gold pieces
  7823 | D:7      | Found a shadowy altar of Dithmenos.
  7926 | D:7      | Found a staircase to the Ecumenical Temple.
  7935 | Temple   | Entered the Ecumenical Temple
  7995 | Temple   | Became a worshipper of Vehumet
  8160 | D:7      | Found Ciwapel's Jewellery Boutique.
  8242 | D:7      | Found a large runed translucent door.
  8243 | D:7      | Found a large runed translucent door.
  8269 | D:7      | Noticed Menkaure
  8272 | D:7      | Killed Menkaure
  8438 | D:7      | Noticed Maggie
  8444 | D:7      | Killed Maggie
  8445 | D:7      | Reached skill level 10 in Spellcasting
  8514 | D:7      | Found Qokkisch's Distillery.
  8535 | D:7      | Bought 2 potions of degeneration for 24 gold pieces
  8535 | D:7      | Bought a potion of magic for 96 gold pieces
  8679 | D:7      | Found a snail-covered altar of Cheibriados.
  8684 | D:7      | Found an opulent altar of Gozag.
  8788 | D:8      | Reached XP level 10. HP: 56/56 MP: 26/26
  8936 | D:8      | Noticed Joseph
  8948 | D:8      | Killed Joseph
  8948 | D:8      | Reached * piety under Vehumet
  8948 | D:8      | Offered knowledge of Foxfire by Vehumet.
  9131 | D:8      | Noticed Maurice
  9141 | D:8      | Killed Maurice
  9142 | D:8      | Reached skill level 11 in Spellcasting
  9219 | D:8      | Found a bloodstained altar of Trog.
  9805 | D:9      | Noticed a two-headed ogre
  9810 | D:9      | Killed a two-headed ogre
  9995 | D:9      | Reached skill level 5 in Fighting
 10123 | D:9      | Reached skill level 12 in Spellcasting
 10129 | D:9      | Offered knowledge of Freeze by Vehumet.
 10132 | D:9      | Reached ** piety under Vehumet
 10133 | D:9      | Reached skill level 5 in Evocations
 11134 | D:9      | Noticed a deep elf zephyrmancer
 11142 | D:9      | Killed a deep elf zephyrmancer
 11143 | D:9      | Reached skill level 1 in Slings
 11261 | D:9      | Reached XP level 11. HP: 63/63 MP: 16/29
 11331 | D:9      | Identified a scroll of acquirement
 11334 | D:9      | Acquired an Everburning Encyclopedia
 11340 | D:9      | Learned a level 3 spell: Ignite Poison
 11356 | D:10     | Entered Level 10 of the Dungeon
 11356 | D:10     | Found Xugewoel's Distillery.
 11619 | D:10     | Bought a potion of invisibility for 96 gold pieces
 11642 | D:10     | Reached skill level 5 in Dodging
 11674 | D:10     | Found a sparkling altar of Nemelex Xobeh.
 11914 | D:10     | Found a staircase to the Orcish Mines.
 12014 | D:10     | Noticed a two-headed ogre
 12019 | D:10     | Killed a two-headed ogre
 12021 | D:10     | Noticed Psyche
 12035 | D:10     | Killed Psyche
 12152 | D:10     | Found a staircase to the Lair.
 12158 | D:10     | Noticed a two-headed ogre
 12166 | D:10     | Killed a two-headed ogre
 12256 | D:10     | Found a broken altar of Ashenzari.
 12291 | D:10     | Found a shimmering altar of Xom.
 12543 | Lair:1   | Entered Level 1 of the Lair of Beasts
 12543 | Lair:1   | Noticed Nergalle
 12549 | Lair:1   | Killed Nergalle
 12887 | Lair:1   | Noticed Gastronok
 12898 | Lair:1   | Killed Gastronok
 12904 | Lair:1   | Offered knowledge of Scorch by Vehumet.
 13032 | Lair:1   | Reached XP level 12. HP: 71/71 MP: 28/30
 13270 | Lair:1   | Reached skill level 1 in Poison Magic
 13534 | Lair:2   | Noticed a five-headed hydra
 13560 | Lair:2   | Killed a five-headed hydra
 13561 | Lair:2   | Reached skill level 1 in Transmutations
 13970 | Lair:2   | Reached *** piety under Vehumet
 14766 | Lair:3   | Found a dark tunnel.
 14771 | Volcano  | Entered a volcano
 14793 | Volcano  | Noticed a red draconian
 14800 | Volcano  | Killed from afar by a red draconian

Illustrated notes

Levels and vault maps discovered:
D:1:      sevenhm_arrival_forest_fort_large_2, layout_basic,
          shapermc_ecumenical_altar_mp_ritualfount
D:2:      layout_loops_cross, basic_altar
D:3:      layout_basic, minitemple
D:4:      cheibrodos_helix_gallery, layout_basic, yredelemnul_altar_generic
D:5:      layout_gridville
D:6:      layout_loops_ring, fedhas_altar_fruit_tree,
          minmay_misc_feat_four_crosses, uniq_crazy_yiuf_cottage
D:7:      layout_basic, nicolae_dithmenos_the_darkroom, jmf_multi_god_temple2,
          minmay_temple_entry_statues_pillars, serial_shops,
          nicolae_stop_n_shop_1, shop_fountains, shop, shop, uniq_pikel,
          uniq_prince_ribbit1, uniq_duvessa, uniq_maggie, uniq_menkaure
D:8:      layout_loops_ring, mainiacjoe_overflow_chevrons, serial_park_tiny_1,
          uniq_maurice, uniq_joseph
D:9:      layout_layer_cave, minmay_three_doors
D:10:     layout_rooms, lemuel_tele_altar, xom_confusion_cloud,
          cheibrodos_ashenzari_chains, lair_entry_dummy, orc_0_dummy,
          serial_shops, nicolae_stop_n_shop_2, uniq_psyche
Temple:   minmay_temple_curvy_loop
Lair:1:   layout_big_grid, minivault_24, uniq_gastronok, uniq_nergalle
Lair:2:   layout_loops_ring, serial_bayou_shore_a, infiniplex_staircase_pool,
          lemuel_fruit_tree, grunt_megastairs_3
Lair:3:   layout_regular_city, dummy_snake_entry, enter_volcano_4,
          grunt_megastairs_5, infiniplex_staircase_pool_2
Volcano:  volcano_pools

Skill      XL: |  1  2  3  4  5  6  7  8  9 10 11 12 |
---------------+-------------------------------------+-----
Spellcasting   | 4 5 6 7 10 12 | 12.0
Conjurations   | 5 6 7 9 |  9.0
Hexes          | 3 5 7 8 9 |  9.0
Stealth        | 3 5 6 7 |  7.9
Earth Magic    | 2 5 |  5.0
Translocations | 1 5 |  5.0
Fighting       | 3 5 6 7 |  7.0
Evocations     | 2 5 |  5.0
Dodging        | 4 7 |  7.0
Slings         | 1 4 |  4.0
Poison Magic   | 4 |  4.2
Transmutations | 3 |  3.7

Action                   |  1- 3 |  4- 6 |  7- 9 | 10-12 || total
-------------------------+-------+-------+-------+-------++-------
 Fire: Hunting sling     |       |     4 |    69 |   132 ||   205
Throw: Stone             |     7 |       |       |       ||     7
 Cast: Magic Dart        |    39 |    12 |     1 |       ||    52
       Searing Ray       |    13 |    18 |    41 |     9 ||    81
       Stone Arrow       |       |       |    15 |    57 ||    72
       Fulminant Prism   |       |       |     3 |    33 ||    36
       Iskenderun's Myst |       |       |     2 |    33 ||    35
  Use: Scroll            |     2 |     4 |     4 |    13 ||    23
Armor: Robe              |     2 |       |     3 |       ||     5
       Steam dragon scal |       |       |     1 |     9 ||    10
Dodge: Dodged            |     5 |    10 |    35 |    28 ||    78
Block: Other             |       |       |     5 |    11 ||    16
       Reflection        |       |       |       |     1 ||     1

Table legend: (Time is in decaauts)
 A = Elapsed time spent in this place.
 B = Non-inter-level travel time spent in this place.
 C = Inter-level travel time spent in this place.
 D = Time resting spent in this place.
 E = Time spent auto-exploring this place.
 F = Levels seen in this place.
 G = Mean time per level.
                   A        B        C        D        E       F      G
               +--------+--------+--------+--------+--------+-----+--------+
         Total |  14853 |  14352 |    501 |   5252 |   7297 |  15 |  990.2 |
       Dungeon |  12633 |  12269 |    364 |   4734 |   6072 |  10 | 1263.3 |
        Temple |    110 |     60 |     50 |      0 |     53 |   1 |  110.0 |
          Lair |   2080 |   1994 |     86 |    518 |   1172 |   3 |  693.3 |
       Volcano |     28 |     28 |      0 |      0 |      0 |   1 |   28.0 |
               +--------+--------+--------+--------+--------+-----+--------+

Top non-repeatable levels by time:
     D:4: 1742 daAuts
     D:9: 1613 daAuts
     D:7: 1410 daAuts
     D:3: 1273 daAuts
    D:10: 1215 daAuts
     D:1: 1195 daAuts
     D:8: 1160 daAuts
  Lair:2: 1097 daAuts
     D:6: 1045 daAuts
     D:2: 1026 daAuts
     D:5: 950 daAuts
  Lair:1: 909 daAuts
  Temple: 110 daAuts
  Lair:3: 74 daAuts
 Volcano: 28 daAuts
